 Dungeon Crawl Stone Soup version 0.32-a0-876-gcfddb08e57 (webtiles) character file.

Game seed: 16237793680163286578

730 Armakuni the Prestidigitator (level 7, -5/48 HPs)
             Began as a Human Artificer on Apr 1, 2024.
             Slain by a mummy (13 damage)
             ... in an ossuary.
             The game lasted 00:11:17 (3722 turns).

Armakuni the Prestidigitator (Human Artificer)      Turns: 3722, Time: 00:11:17

Health: -5/48      AC:  9    Str: 18    XL:     7   Next: 73%
Magic:  7/7        EV: 10    Int: 11    God:
Gold:   999        SH:  0    Dex: 13    Spells: 6/6 levels left

rFire   . . .        b - +2 flail (heavy)
rCold   . . .        (no shield)
rNeg    . . .        p - +1 leather armour
rPois   .            (no helmet)
rElec   .            (no cloak)
rCorr   .            i - +1 pair of gloves of Hedonism {Str+3}
SInv    .            m - +2 pair of boots
Will    .....        (no amulet)
Stlth   +            (no ring)
HPRegen 0.28/turn    (no ring)
MPRegen 0.10/turn

%: no passive effects
@: no status effects
A: explore regen
a: no special abilities


You were in an ossuary.
You visited 1 branch of the dungeon, and saw 5 of its levels.
You also visited: Sewer and Ossuary.

You collected 999 gold pieces.

Inventory:

Hand Weapons
 a - a +2 whip of venom
 b - a +2 heavy flail (weapon)
Armour
 i - the +1 pair of gloves of Hedonism (worn) {Str+3}
   (You acquired it on level 4 of the Dungeon)

   Str+3:     It affects your strength (+3).
 m - a +2 pair of boots (worn)
 p - a +1 leather armour (worn)
Magical Staves
 x - the staff "Newtslayer" {Fly rF+ Str-3 Dex+3 Stlth+ Fire}
   (You found it on level 3 of the Dungeon)

   [staff of fire]

   Base accuracy: +5 Base damage: 5 Base attack delay: 1.2 This weapon's minimum
   attack delay (0.6) is reached at skill level 12.
   Str-3:     It affects your strength (-3).
   Dex+3:     It affects your dexterity (+3).
   rF+:       It protects you from fire.
   Fly:       It grants you flight.
   Stlth+:    It makes you more stealthy.
   Fire:      It increases the power of your Fire spells.
   It falls into the 'Staves' category.
   It is a one-handed weapon.
Wands
 c - a wand of charming (8)
 j - a wand of iceblast (1)
 v - a wand of flame (19) (quivered)
Scrolls
 e - a scroll of enchant armour
 k - a scroll of revelation
 l - 2 scrolls of fear
 n - 2 scrolls of teleportation
 s - 2 scrolls of noise
 t - a scroll of enchant weapon {unknown}
 w - a scroll of fog
Potions
 d - 3 potions of enlightenment
 f - 2 potions of ambrosia {unknown}
 g - 5 potions of curing
 h - 2 potions of might {unknown}
 o - 2 potions of heal wounds
 q - a potion of degeneration {unknown}
 r - a potion of brilliance {unknown}


   Skills:
 - Level 1.0 Fighting
 - Level 2.0 Maces & Flails
 - Level 2.0 Armour
 - Level 1.0 Dodging
 - Level 1.0 Stealth
 + Level 8.5 Evocations


You had 6 spell levels left.
You didn't know any spells.
Your spell library contained the following spells:

 Spells                   Type           Power      Damage    Failure   Level
 Ensorcelled Hibernation  Hex/Ice        0%         N/A       54%         2
 Passwall                 Erth           0%         N/A       77%         3
 Swiftness                Air            0%         N/A       77%         3


Dungeon Overview and Level Annotations

Branches:
Dungeon (5/15)              Sewer (visited)         Ossuary (1/1)
 Temple: D:4-7

Altars:
Nemelex Xobeh
Trog


Innate Abilities, Weirdness & Mutations

You regain HP and MP as you explore.


Message History

The scorpion zombie completely misses you.
You hit the mummy but do no damage. The scorpion zombie misses you.
The mummy closely misses you. The mummy barely misses you.
You barely miss the scorpion zombie.
The scorpion zombie is severely damaged.
The scorpion zombie barely misses you.
The scorpion zombie hits you but does no damage.
The mummy misses you. The mummy closely misses you.
You hit the scorpion zombie.
The scorpion zombie is severely damaged.
The scorpion zombie hits you.
The scorpion zombie hits you but does no damage.
The mummy hits you but does no damage. x2
You barely miss the scorpion zombie.
The scorpion zombie is severely damaged.
The scorpion zombie barely misses you. x2; The mummy barely misses you. x2
You hit the scorpion zombie.
The scorpion zombie is almost destroyed.
The scorpion zombie barely misses you. The mummy hits you.
The mummy hits you but does no damage. The scorpion zombie hits you.
You completely miss the scorpion zombie.
The scorpion zombie is almost destroyed.
The scorpion zombie barely misses you. The mummy barely misses you. x2
The scorpion zombie completely misses you.
The mummy barely misses you.
You sock the scorpion zombie!
You destroy the scorpion zombie!
The mummy completely misses you. The mummy hits you! x2
You are too injured to fight recklessly!
You are too injured to fight recklessly!
You are too injured to fight recklessly!
You thump the mummy!
The mummy is severely damaged.
The mummy hits you!
* * * LOW HITPOINT WARNING * * *
The mummy closely misses you.
You hit the mummy.
You destroy the mummy!
The mummy hits you!
You die...

### # #..######
#.###
##......#.....Z
#...∩.∩@+......
##....M.#.....Z
#..###### #.###
### #


You could see a mummy.

Vanquished Creatures
  Menkaure (D:4)
  Duvessa (D:4)
  2 kobold brigands (Sewer)
  Blork the orc (D:4)
  A hound (D:4)
  Natasha (thrice) (D:4)
  A scorpion zombie (Ossuary)
  A mummy (Ossuary)
  9 adders
  3 river rats (Sewer)
  4 dart slugs
  5 orcs
  5 ball pythons
  4 bats
  6 endoplasms
  3 giant cockroaches (D:3)
  4 goblins
  7 hobgoblins
  A jackal (Sewer)
  4 quokkas
  6 kobolds
  A kobold zombie (D:5)
  13 rats
86 creatures vanquished.

Vanquished Creatures (collateral kills)
  3 kobolds (Sewer)
3 creatures vanquished.

Vanquished Creatures (others)
  Dowan (D:4)
1 creature vanquished.

Grand Total: 90 creatures vanquished

Notes
Turn   | Place    | Note
-------+----------+-------------------------------------------
     0 | D:1      | Armakuni the Human Artificer began the quest for the Orb.
     0 | D:1      | Reached XP level 1. HP: 15/15 MP: 1/1
    93 | D:1      | Reached skill level 1 in Maces & Flails
   230 | D:1      | Reached XP level 2. HP: 21/21 MP: 2/2
   483 | D:1      | Reached XP level 3. HP: 16/26 MP: 3/3
  1550 | D:3      | Reached skill level 4 in Evocations
  1570 | D:3      | Reached XP level 4. HP: 17/32 MP: 4/4
  1585 | D:3      | Identified the staff "Newtslayer" {Fly rF+ Str-3 Dex+3
                  | Stlth+ Fire}
  1668 | D:3      | Found a bloodstained altar of Trog.
  2170 | D:3      | Reached skill level 5 in Evocations
  2380 | D:3      | Identified the +0 mace "Urycem" {chaos, rPois Stlth+}
  2395 | D:3      | Reached XP level 5. HP: 36/37 MP: 5/5
  2613 | D:4      | Identified a scroll of acquirement
  2613 | D:4      | Acquired the +1 pair of gloves of Hedonism {Str+3}
  2643 | D:4      | Noticed Blork the orc
  2659 | D:4      | Killed Blork the orc
  2700 | D:4      | Noticed Natasha
  2715 | D:4      | Killed Natasha
  2716 | D:4      | Reached skill level 6 in Evocations
  2716 | D:4      | Reached XP level 6. HP: 37/43 MP: 6/6
  2756 | D:4      | Noticed Dowan
  2757 | D:4      | Noticed Duvessa
  2780 | D:4      | Your ally Dowan died
  2784 | D:4      | Killed Duvessa
  2818 | D:4      | Noticed Natasha
  2827 | D:4      | Killed Natasha
  2828 | D:4      | Reached skill level 7 in Evocations
  2852 | D:4      | Acquired 830 gold pieces
  2890 | D:4      | Found a sparkling altar of Nemelex Xobeh.
  2890 | D:4      | Noticed Natasha
  2914 | D:4      | Killed Natasha
  3052 | D:4      | Noticed Menkaure
  3057 | D:4      | Killed Menkaure
  3058 | D:4      | Reached XP level 7. HP: 48/48 MP: 7/7
  3259 | D:4      | Found a glowing drain.
  3263 | Sewer    | Entered a sewer
  3392 | Sewer    | Reached skill level 8 in Evocations
  3569 | Sewer    | Found a white marble altar of Elyvilon.
  3678 | D:5      | Entered Level 5 of the Dungeon
  3689 | D:5      | Found a sand-covered staircase.
  3705 | Ossuary  | Entered an ossuary
  3722 | Ossuary  | Slain by a mummy

Illustrated notes

Levels and vault maps discovered:
D:1:      heliophobic_arrival_dark_side_of_the_moon, layout_rooms
D:2:      layout_basic
D:3:      layout_basic, mainiacjoe_overflow_paths, nicolae_half_adder
D:4:      layout_cave_pools, kennysheep_mini, gup_sewer_entry_bowl, minivault_4,
          minivault_26, uniq_menkaure, uniq_blork_the_orc, uniq_natasha,
          uniq_duvessa
D:5:      layout_loops_ring, minmay_overflow_temple_star_quad,
          minmay_temple_entry_statues, enter_ossuary_3, grunt_decor_cap,
          uniq_edmund, uniq_ijyb
Ossuary:  ossuary_minmay_chase

Skill      XL: |  1  2  3  4  5  6  7 |
---------------+----------------------+-----
Maces & Flails | 1 2 |  2.0
Evocations     | 4 5 6 7 8 |  8.5
Fighting       | |  1.0
Armour         | |  2.0
Dodging        | |  1.0
Stealth        | |  1.0

Action                     |  1- 3 |  4- 6 |  7- 9 || total
---------------------------+-------+-------+-------++-------
  Melee: Whip              |    40 |   106 |    62 ||   208
         Short sword       |    87 |     3 |       ||    90
         Flail             |       |       |    12 ||    12
  Evoke: Wand              |     2 |    23 |     3 ||    28
    Use: Scroll            |     5 |     6 |       ||    11
         Potion            |       |       |     1 ||     1
   Stab: Sleeping          |     1 |     1 |       ||     2
 Armour: Leather armour    |    79 |    75 |    53 ||   207
  Dodge: Dodged            |    86 |    62 |    47 ||   195

Table legend: (Time is in decaauts)
 A = Elapsed time spent in this place.
 B = Non-inter-level travel time spent in this place.
 C = Inter-level travel time spent in this place.
 D = Time resting spent in this place.
 E = Time spent auto-exploring this place.
 F = Levels seen in this place.
 G = Mean time per level.
                   A        B        C        D        E       F      G
               +--------+--------+--------+--------+--------+-----+--------+
         Total |   3775 |   3571 |    204 |     20 |   2329 |   7 |  539.3 |
       Dungeon |   3372 |   3168 |    204 |     13 |   2092 |   5 |  674.4 |
         Sewer |    377 |    377 |      0 |      7 |    236 |   1 |  377.0 |
       Ossuary |     26 |     26 |      0 |      0 |      0 |   1 |   26.0 |
               +--------+--------+--------+--------+--------+-----+--------+

Top non-repeatable levels by time:
     D:3: 1128 daAuts
     D:2: 751 daAuts
     D:1: 734 daAuts
     D:4: 731 daAuts
   Sewer: 377 daAuts
     D:5: 27 daAuts
 Ossuary: 26 daAuts
